 Dungeon Crawl Stone Soup version 0.31.0-11-ge490571c62 (webtiles) character file.

Game seed: 17810070529328501190

61 thiscave3701365 the Chopper (level 4, 0/29 (38) HPs)
             Began as a Gnoll Reaver on Jan 31, 2024.
             Slain by a gnoll
             ... wielding a +0 flail
              (3 damage)
             ... on level 2 of the Dungeon.
             The game lasted 00:04:14 (769 turns).

thiscave3701365 the Chopper (Gnoll Reaver)           Turns: 769, Time: 00:04:14

HP:   0/29 (38)     AC:  7    Str: 13    XL:     4   Next: 7%
MP:   9/11          EV: 15    Int: 12    God:
Gold: 12            SH:  0    Dex: 11    Spells: 12/13 levels left

rFire   . . .        a - +0 hand axe
rCold   . . .        (no shield)
rNeg    . . .        i - +0 scale mail
rPois   .            (no helmet)
rElec   .            (no cloak)
rCorr   .            b - +0 pair of gloves
SInv    .            (no boots)
Will    .....        (no amulet) Stlth
                     f - +5 ring of evasion
HPRegen 0.24/turn    (no ring)
MPRegen 0.12/turn

%: no passive effects
@: very slightly contaminated, heavily drained
A: fangs 1, strong nose, distributed training
a: no special abilities


You were on level 2 of the Dungeon.
You visited 1 branch of the dungeon, and saw 2 of its levels.

You collected 12 gold pieces.

Inventory:

Hand Weapons
 a - a +0 hand axe (weapon)
Armour
 b - a +0 pair of gloves (worn)
 i - a +0 scale mail (worn)
Jewellery
 f - a +5 ring of evasion (left hand)
Scrolls
 d - a scroll of teleportation
Potions
 c - a potion of curing {unknown}
 e - a potion of degeneration {unknown}
 g - a potion of attraction {unknown}
 h - a potion of berserk rage {unknown}


   Skills:
 + Level 4.6 Fighting
 + Level 1.0 Short Blades
 + Level 1.0 Long Blades
 + Level 6.6 Axes
 + Level 1.0 Maces & Flails
 + Level 1.0 Polearms
 + Level 1.0 Staves
 + Level 1.0 Ranged Weapons
 + Level 1.0 Throwing
 + Level 1.0 Armour
 + Level 4.6 Dodging
 + Level 1.0 Stealth
 + Level 1.0 Shields
 + Level 1.0 Unarmed Combat
 + Level 5.0 Spellcasting
 + Level 5.4 Conjurations
 + Level 0.8 Hexes
 + Level 0.8 Summonings
 + Level 0.8 Necromancy
 + Level 0.8 Translocations
 + Level 0.8 Fire Magic
 + Level 0.8 Ice Magic
 + Level 0.8 Air Magic
 + Level 0.8 Earth Magic
 + Level 0.8 Alchemy
 + Level 1.1 Invocations
 + Level 1.0 Evocations
 + Level 1.0 Shapeshifting


You had 12 spell levels left.
You knew the following spells:

 Your Spells              Type           Power      Damage    Failure   Level
a - Kiss of Death         Conj/Necr      40%        2d8       26%         1

Your spell library contained the following spells:

 Spells                   Type           Power      Damage    Failure   Level
 Momentum Strike          Conj/Tloc      20%        3d8       38%         2
 Freeze                   Ice            20%        1d4       56%         1
 Hailstorm                Conj/Ice       10%        3d6       63%         3
 Frozen Ramparts          Ice            10%        1d2       90%         3


Dungeon Overview and Level Annotations

Branches:
Dungeon (2/15)

Altars:


Innate Abilities, Weirdness & Mutations

You have very sharp teeth.
Your uncanny sense of smell can sniff out nearby items.
Your experience applies equally to all skills.


Message History

You closely miss the gnoll. The gnoll closely misses you.
The gnoll hits you with a +0 flail.
* * * LOW HITPOINT WARNING * * *
Your Short Blades skill increases to level 1!
Your Long Blades skill increases to level 1!
Your Maces & Flails skill increases to level 1!
Your Polearms skill increases to level 1!
Your Staves skill increases to level 1!
Your Ranged Weapons skill increases to level 1!
Your Throwing skill increases to level 1!
Your Armour skill increases to level 1!
Your Stealth skill increases to level 1!
Your Shields skill increases to level 1!
Your Unarmed Combat skill increases to level 1!
Your Evocations skill increases to level 1!
Unknown command.
You barely miss the gnoll. You bite the gnoll, but do no damage.
The gnoll is almost dead.
You hit the gnoll but do no damage. The gnoll closely misses you.
The gnoll barely misses you.
You hit the gnoll.
You kill the gnoll!
You hit the gnoll but do no damage. The gnoll closely misses you.
Your Shapeshifting skill increases to level 1!
You have reached level 4!
You feel agile.
Unknown command.
You are too injured to fight recklessly!
Casting: Kiss of Death (safe; 26% risk of failure)
Confirm with . or Enter, or press ? or * to list all spells.
Aiming: Kiss of Death (safe; 26% risk of failure)
Press: ? - help, Shift-Dir - straight line, f - gnoll
Aim: a gnoll, wielding a +0 flail (lightly wounded, 100% to hit)
You miscast Kiss of Death.
You are very lightly contaminated with residual magic.
Nothing appears to happen.
The gnoll closely misses you.
You slash the gnoll!
The gnoll is severely wounded.
The gnoll hits you with a +0 flail.
You die...

. ######## #. #......#
.## #......#
..###......# ..........#
#.##......#
#.##......####
####............#
#...##....@)....#
#...##.###)g......
#######...##.. #........
...........##...........
.######....# ##.........
#....# #..##+##.. #....#
##.# . ####.# #.# #<#


You could see a gnoll.

Vanquished Creatures
  2 gnolls (D:2)
  An adder (D:2)
  A dart slug (D:2)
  A ribbon worm (D:2)
  2 ball pythons (D:1)
  4 bats (D:1)
  2 endoplasms (D:1)
  2 hobgoblins (D:1)
  3 jackals (D:1)
  5 kobolds (D:1)
  A quokka (D:1)
  A frilled lizard (D:1)
  4 rats (D:1)
29 creatures vanquished.

Notes
Turn   | Place    | Note
-------+----------+-------------------------------------------
     0 | D:1      | thiscave3701365 the Gnoll Reaver began the quest for the
                  | Orb.
     0 | D:1      | Reached XP level 1. HP: 20/20 MP: 6/6
   161 | D:1      | Reached XP level 2. HP: 25/26 MP: 7/7
   458 | D:1      | Reached skill level 5 in Spellcasting
   458 | D:1      | Reached XP level 3. HP: 27/27 MP: 7/9
   723 | D:2      | Reached skill level 1 in Invocations
   766 | D:2      | Reached skill level 1 in Short Blades
   766 | D:2      | Reached skill level 1 in Long Blades
   766 | D:2      | Reached skill level 1 in Maces & Flails
   766 | D:2      | Reached skill level 1 in Polearms
   766 | D:2      | Reached skill level 1 in Staves
   766 | D:2      | Reached skill level 1 in Ranged Weapons
   766 | D:2      | Reached skill level 1 in Throwing
   766 | D:2      | Reached skill level 1 in Armour
   766 | D:2      | Reached skill level 1 in Stealth
   766 | D:2      | Reached skill level 1 in Shields
   766 | D:2      | Reached skill level 1 in Unarmed Combat
   766 | D:2      | Reached skill level 1 in Evocations
   768 | D:2      | Reached skill level 1 in Shapeshifting
   768 | D:2      | Reached XP level 4. HP: 3/29 MP: 9/11
   769 | D:2      | Slain by a gnoll

Illustrated notes

Levels and vault maps discovered:
D:1:      dpeg_arrival_pond, layout_basic, grunt_decor_mini_mirrors,
          minmay_liquid_box, bh_walls_and_bars
D:2:      layout_basic, serial_shops, nicolae_shop_competitors_out_of_business,
          nicolae_shop_drivethru

Skill      XL: |  1  2  3 |
---------------+----------+-----
Spellcasting   | 5 |  5.0
Invocations    | 1 |  1.1
Short Blades   | 1 |  1.0
Long Blades    | 1 |  1.0
Maces & Flails | 1 |  1.0
Polearms       | 1 |  1.0
Staves         | 1 |  1.0
Ranged Weapons | 1 |  1.0
Throwing       | 1 |  1.0
Armour         | 1 |  1.0
Stealth        | 1 |  1.0
Shields        | 1 |  1.0
Unarmed Combat | 1 |  1.0
Evocations     | 1 |  1.0
Shapeshifting  | 1 |  1.0
Fighting       | |  4.6
Axes           | |  6.6
Dodging        | |  4.6
Conjurations   | |  5.4
Hexes          | |  0.8
Summonings     | |  0.8
Necromancy     | |  0.8
Translocations | |  0.8
Fire Magic     | |  0.8
Ice Magic      | |  0.8
Air Magic      | |  0.8
Earth Magic    | |  0.8
Alchemy        | |  0.8

Action                     |  1- 3 |  4- 6 || total
---------------------------+-------+-------++-------
  Melee: Hand axe          |    77 |     1 ||    78
         Bite              |     8 |       ||     8
         Punch             |     1 |       ||     1
   Cast: Kiss of Death     |     3 |       ||     3
    Use: Scroll            |     1 |       ||     1
 Armour: Leather armour    |    39 |       ||    39
         Scale mail        |    28 |     1 ||    29
  Dodge: Dodged            |    93 |     1 ||    94
